 Dungeon Crawl Stone Soup version 0.23.0 (webtiles) character file.

Game seed: 17569369412419136542

337996 LostNumber the Corrupter of Planes (level 21, 0/224 HPs)
             Began as a Hill Orc Abyssal Knight on Feb 10, 2019.
             Was the Champion of Lugonu.
             Slain by a deep troll (8 damage)
             ... on level 2 of the Depths.
             The game lasted 01:44:20 (53958 turns).

LostNumber the Corrupter of Planes (HOAK)          Turns: 53958, Time: 01:44:21

Health: 0/224      AC: 29    Str: 25    XL:     21   Next: 93%
Magic:  36/36      EV: 12    Int: 16    God:    Lugonu [******]
Gold:   1024       SH: 14    Dex: 14    Spells: 20/20 levels left

rFire    + . .     SeeInvis .   F - +8 broad axe (elec)
rCold    + . .     Gourm    .   D - +0 shield
rNeg     . . .     Faith    .   L - +3 plate armour {rF+}
rPois    .         Spirit   .   s - +2 hat "Bosheva" {+Inv rC+ Dex+4 Stlth+}
rElec    .         Reflect  .   Y - +0 cloak of the Gloaming {rCorr}
rCorr    +         Harm     .   C - +0 pair of gloves "Ymueleda" {Int+4}
MR       ++...                  m - +0 pair of boots
Stlth    ..........             U - amulet of Vitality {Regen+ HP+15}
HPRegen  0.87/turn              M - +3 ring of protection
MPRegen  0.25/turn              l - ring of protection from magic

@: about to teleport, very slightly contaminated, lightly drained
A: no striking features
}: 2/15 runes: decaying, serpentine
a: Depart the Abyss, Bend Space, Banish, Corrupt, Enter the Abyss, Brand Weapon
With Distortion, Renounce Religion, Evoke Invisibility


You were on level 2 of the Depths.
You worshipped Lugonu.
Lugonu was exalted by your worship.
You were hungry.

You visited 7 branches of the dungeon, and saw 37 of its levels.
You visited the Abyss 1 time.
You also visited: Bailey, Gauntlet, Ice Cave and Wizlab.

You collected 4291 gold pieces.
You spent 3267 gold pieces at shops.

Inventory:

Hand Weapons
 F - a +8 broad axe of electrocution (weapon)
   (You found it in an ice cave)
 V - the +8 war axe of Wisdom {flame, rN+ MR+}
   (You found it on level 4 of the Lair of Beasts)

   It has been specially enchanted to burn those struck by it, causing extra
   injury to most foes and up to half again as much damage against particularly
   susceptible opponents.
   Big, fiery blades are also staple armaments of hydra-hunters.
   It protects you from negative energy.
   It affects your resistance to hostile enchantments.
Armour
 m - a +0 pair of boots (worn)
   (You found it on level 3 of the Dungeon)
 s - the +2 hat "Bosheva" (worn) {+Inv rC+ Dex+4 Stlth+}
   (You found it in a Gauntlet)

   It affects your dexterity (+4).
   It protects you from cold.
   It lets you turn invisible.
   It makes you more stealthy.
 C - the +0 pair of gloves "Ymueleda" (worn) {Int+4}
   (You acquired it on level 5 of the Lair of Beasts)

   It affects your intelligence (+4).
 D - a +0 shield (worn)
   (You took it off a tengu warrior on level 14 of the Dungeon)
 L - a +3 plate armour of fire resistance (worn)
   (You took it off a vault warden on level 4 of the Vaults)
 Y - the +0 cloak of the Gloaming (worn) {rCorr}
   (You found it in a Gauntlet)

   It provides partial protection from all sources of acid and corrosion.
Jewellery
 l - a ring of protection from magic (right hand)
   (You bought it in a shop on level 1 of the Vaults)
 o - an uncursed ring of poison resistance
   (You bought it in a shop on level 11 of the Dungeon)
 M - a +3 ring of protection (left hand)
   (You found it on level 8 of the Dungeon)
 U - the amulet of Vitality (around neck) {Regen+ HP+15}
   (You bought it in a shop on level 11 of the Dungeon)

   [amulet of regeneration]

   It affects your health (+15).
   It increases your rate of regeneration.
Wands
 c - a wand of disintegration (48)
   (You found it on level 6 of the Dungeon)
 d - a wand of iceblast (25)
   (You found it on level 9 of the Dungeon)
 n - a wand of polymorph (8)
   (You found it on level 1 of the Vaults)
 u - a wand of paralysis (19)
   (You found it on level 14 of the Dungeon)
 v - a wand of digging (5)
   (You found it on level 2 of the Snake Pit)
 x - a wand of acid (27)
   (You found it on level 7 of the Dungeon)
 K - a wand of clouds (13)
   (You found it on level 13 of the Dungeon)
 R - a wand of enslavement (20)
   (You found it on level 10 of the Dungeon)
Scrolls
 a - a scroll of silence
 f - 5 scrolls of blinking
 h - 4 scrolls of fog
 q - 2 scrolls of vulnerability {!r}
 r - 12 scrolls of remove curse {@r2}
 t - 7 scrolls of identify {@r1}
 y - a scroll of immolation {!r}
 z - a scroll of enchant weapon
 B - 18 scrolls of teleportation {@r4}
 E - 7 scrolls of enchant armour
 H - 10 scrolls of fear
 J - 2 scrolls of magic mapping
Potions
 g - 3 potions of haste {@q3}
 j - 3 potions of cancellation
 k - 6 potions of agility
 p - 2 potions of ambrosia
 w - 8 potions of brilliance
 A - 4 potions of heal wounds {@q2}
 G - 14 potions of curing {@q1}
 O - 6 potions of might
 P - 2 potions of mutation {!q}
 Q - 2 potions of magic
 W - 4 potions of lignification {!q}
 X - 8 potions of flight
Miscellaneous
 N - a phantom mirror
 S - a phial of floods
   (You found it on level 10 of the Dungeon)
 T - 2 sacks of spiders
Comestibles
 b - 7 chunks of flesh
 e - 39 rations {!d}


   Skills:
 + Level 22.3(22.1) Fighting
   Level 6.4(6.3) Long Blades
 - Level 18.0(17.8) Axes
 - Level 15.3(15.1) Armour
 - Level 8.2(8.1) Dodging
 - Level 15.0(14.8) Shields
 + Level 23.7(23.5) Invocations


You had 20 spell levels left.
You didn't know any spells.
Your spell library contained the following spells:

 Spells                   Type           Power        Failure   Level  Hunger
 Animate Skeleton         Necr           N/A          88%         1    ##.....
 Confusing Touch          Hex            #.....       88%         1    ##.....
 Corona                   Hex            #......      88%         1    ##.....
 Flame Tongue             Conj/Fire      #....        88%         1    ##.....
 Magic Dart               Conj           #...         88%         1    ##.....
 Pain                     Necr           #...         88%         1    ##.....
 Summon Butterflies       Summ           #.......     88%         1    ##.....
 Corpse Rot               Necr           N/A          95%         2    ###....
 Ensorcelled Hibernation  Hex/Ice        #.....       95%         2    ###....
 Searing Ray              Conj           #.....       95%         2    ###....
 Sublimation of Blood     Necr           #.........   95%         2    ###....
 Throw Frost              Conj/Ice       #.....       95%         2    ###....
 Call Canine Familiar     Summ           #.......     99%         3    ####...
 Confuse                  Hex            #.......     99%         3    ####...
 Dazzling Spray           Conj/Hex       #.....       99%         3    ####...
 Gell's Gravitas          Tloc           #.........   99%         3    ####...
 Ignite Poison            Fire/Tmut/Pois #.......     99%         3    ####...
 Portal Projectile        Hex/Tloc       #.....       99%         3    ####...
 Recall                   Summ/Tloc      N/A          99%         3    ####...
 Regeneration             Chrm/Necr      #.........   99%         3    ####...
 Tukima's Dance           Hex            #.......     99%         3    ####...
 Vampiric Draining        Necr           #.........   99%         3    ####...
 Animate Dead             Necr           N/A          100%        4    #####..
 Cause Fear               Hex            #.........   100%        4    #####..
 Force Lance              Conj/Tloc      #.......     100%        4    #####..
 Fulminant Prism          Conj/Hex       #.........   100%        4    #####..
 Iskenderun's Mystic Bla  Conj           #.......     100%        4    #####..
 Passage of Golubria      Tloc           N/A          100%        4    #####..
 Petrify                  Tmut/Erth      #.......     100%        4    #####..
 Sticky Flame             Conj/Fire      #.......     100%        4    #####..
 Summon Ice Beast         Ice/Summ       #.......     100%        4    #####..
 Agony                    Necr           #.......     100%        5    ######.
 Bolt of Magma            Conj/Fire/Erth #.........   100%        5    ######.
 Borgnjor's Vile Clutch   Necr/Erth      #.........   100%        5    ######.
 Dispel Undead            Necr           #.......     100%        5    ######.
 Fireball                 Conj/Fire      #.........   100%        5    ######.
 Irradiate                Conj/Tmut      #.........   100%        5    ######.
 Iskenderun's Battlesphe  Conj/Chrm      #.......     100%        5    ######.
 Metabolic Englaciation   Hex/Ice        #.........   100%        5    ######.
 Silence                  Hex/Air        #.........   100%        5    ######.
 Summon Mana Viper        Hex/Summ       #.......     100%        5    ######.
 Venom Bolt               Conj/Pois      #.........   100%        5    ######.
 Yara's Violent Unravell  Hex/Tmut       #.........   100%        5    ######.
 Bolt of Fire             Conj/Fire      #.........   100%        6    #######
 Conjure Ball Lightning   Conj/Air       #.........   100%        6    #######
 Death Channel            Necr           #.........   100%        6    #######
 Deflect Missiles         Chrm/Air       #.........   100%        6    #######
 Dispersal                Tloc           #.........   100%        6    #######
 Hydra Form               Tmut           #.........   100%        6    #######
 Iron Shot                Conj/Erth      #.........   100%        6    #######
 Simulacrum               Ice/Necr       #.........   100%        6    #######
 Statue Form              Tmut/Erth      #........    100%        6    #######
 Dragon Form              Tmut           #.........   100%        7    #######
 Orb of Destruction       Conj           #.........   100%        7    #######
 Ring of Flames           Chrm/Fire      #.........   100%        7    #######
 Spellforged Servitor     Conj/Summ      #.........   100%        7    #######
 Summon Hydra             Summ           #.........   100%        7    #######
 Controlled Blink         Tloc           N/A          100%        8    #######
 Discord                  Hex            #.........   100%        8    #######
 Disjunction              Tloc           #.........   100%        8    #######
 Ignition                 Fire           #.........   100%        8    #######


Dungeon Overview and Level Annotations

Branches:
Dungeon (15/15)            Temple (0/1) D:4            Lair (6/6) D:8
  Swamp (4/4) Lair:2        Snake (4/4) Lair:3        Slime (0/5) Lair:5
    Orc (2/2) D:10            Elf (0/3) Orc:2        Vaults (4/5) D:14
  Crypt (0/3) Vaults:3     Depths (2/5) D:15

Altars:
Ashenzari
Cheibriados
Dithmenos
Fedhas
Gozag
Hepliaklqana
Kikubaaqudgha
Qazlal
Sif Muna
Trog
Uskayaw
Xom
Yredelemnul
The Shining One
Beogh
Jiyva

Shops:
D:4 *   D:8 *   D:9 %   D:11 [=   Orc:2 (*!?   Snake:3 !   Vaults:1 =
Depths:1 =}}

Portals:
Hell: Depths:1

Annotations:
D:4 2 transporters, tidbits's ghost, amateur GnSk
D:12 3 runed translucent doors, Morbidden's ghost, journeyman DsFi
Lair:4 exclusion: 3 oklob plants
Swamp:4 corrupted
Snake:4 corrupted
Vaults:1 3 runed translucent doors, Cucueget's ghost, adept MiFi; Kare Xaoge's ghost, adept DgTm; christhawk's ghost, adept MiHu
Vaults:4 corrupted
Depths:1 corrupted
Abyss:1 Ijyb; Rupert; Snorg


Message History

Deactivating autopickup; reactivate with Ctrl-A.
There is an open door, spattered with blood here.
Items here: )) [[ ÷ a +2 scimitar of flaming; a +0 plate armour; a +0 dagger; a +0 robe a human skeleton Unknown command.
You are no longer corroded.
The juggernaut hits you!
* * * LOW HITPOINT WARNING * * *
The juggernaut hits you but does no damage.
Things that are here:
a +0 troll leather armour; a deep troll skeleton
Things that are here:
19 bolts; a +0 arbalest The juggernaut hits you!!
* * * LOW HITPOINT WARNING * * *
The juggernaut hits you!
* * * LOW HITPOINT WARNING * * *
You see here 28 stones.
You slice something!!
You hit the juggernaut but do no damage.
Lightning courses through the juggernaut!
Something hits you!!
* * * LOW HITPOINT WARNING * * *
* * * LOW HITPOINT WARNING * * *
You block something's attack.
Okay, then.
Unknown command.
You feel much better. Something hits you!
* * * LOW HITPOINT WARNING * * *
* * * LOW HITPOINT WARNING * * *
Something closely misses you.
Blink to where?
You are very lightly contaminated with residual magic.
As you read the scroll of blinking, it crumbles to dust.
The redback barely misses you.
You feel much better.
You feel a little less agile now. You block the redback's attack.
The redback barely misses you. The deep troll closely misses you.
The deep troll claws you.
* * * LOW HITPOINT WARNING * * *
You block the deep troll's attack.
As you read the scroll of teleportation {@r4}, it crumbles to dust.
You feel strangely unstable. You block the redback's attack.
The vampire mage gestures wildly while chanting.
The vampire mage flickers and vanishes!
The deep troll bites you!
* * * LOW HITPOINT WARNING * * *
You block the deep troll's attack. The deep troll claws you!
You die...

#############
#...#...#.†<#
#.#.#)#.#.###
#(#.#.#...#
#§#.#[#####
#C#...#
#C################
#s#.###...........
#@TC..)...........
###{###...........
#.# #...........
#.# #...........
#.# #...........
#.# #...........
###'###...........
#.........########
#......[..#


You could see a juggernaut, a stone giant, an ettin, a deep troll and a redback
shaped shifter.

Vanquished Creatures
  Frederick (Vaults:4)
  A lich (Depths:2)
  Asterion (Snake:4)
  A sphinx (Vaults:4)
  Gastronok (Lair:1)
  2 thorn hunters
  A storm dragon (Vaults:4)
  A tengu reaver (Vaults:4)
  A nagaraja (Snake:4)
  A fire giant (Vaults:3)
  9 vault wardens
  A frost giant (Depths:1)
  An orc warlord (Orc:1)
  6 very ugly things
  14 ironheart preservers
  An entropy weaver (shapeshifter) (D:15)
  11 stone giants
  A deep elf demonologist (Vaults:2)
  2 entropy weavers
  A dire elephant (Gauntlet)
  A minotaur (Gauntlet)
  A deep elf annihilator (Vaults:4)
  2 blizzard demons (IceCv)
  5 fire dragons
  A fire dragon (shapeshifter) (Vaults:3)
  The ghost of martbhell the Fighter, a journeyman MiBe of Trog (D:11)
  5 ettins
  4 deep elf death magi
  4 great orbs of eyes
  5 yaktaur captains
  3 rakshasas
  4 ice dragons
  8 naga warriors
  17 hydras
  7 vault guards
  6 centaur warriors
  9 ogre magi
  8 anacondas
  A death knight (Vaults:2)
  3 deep troll shamans (Depths:2)
  20 alligators
  30 two-headed ogres
  A queen ant (Lair:5)
  3 deep troll earth magi
  3 orc high priests (Orc:2)
  6 shock serpents
  7 tengu warriors
  6 deep elf knights
  9 naga sharpshooters
  5 death yaks (Lair:6)
  A hell knight (Depths:2)
  3 unseen horrors
  A salamander mystic (Snake:2)
  2 shadow wraiths
  10 skeletal warriors
  2 glowing orange brains
  4 swamp dragons
  13 deep trolls
  A flayed ghost (Vaults:3)
  3 spriggan druids
  An orange crystal statue (Gauntlet)
  4 wizards
  A lindwurm (Lair:6)
  11 deep elf archers
  12 naga ritualists
  18 orc knights
  A harpy (shapeshifter) (Vaults:4)
  8 harpies
  A phantasmal warrior (Vaults:4)
  5 necromancers
  21 deep elf magi
  6 wolf spiders
  7 mana vipers
  A wolf spider zombie (D:15)
  13 ironbrand convokers
  A wolf spider (shapeshifter) (Vaults:3)
  6 orc sorcerers
  37 ugly things
  A manticore (D:12)
  7 salamanders
  A moth of wrath (shapeshifter) (Vaults:4)
  10 cyclopes
  29 elephants
  11 vault sentinels
  19 naga magi
  42 black mambas
  2 guardian serpents
  9 spiny frogs
  3 ice statues
  A smoke demon (Gauntlet)
  A stone giant skeleton (Vaults:1)
  3 minotaur zombies (Gauntlet)
  3 molten gargoyles (Lair:6)
  A gargoyle (D:12)
  A yaktaur zombie (Vaults:4)
  6 freezing wraiths
  A human zombie (Vaults:4)
  3 komodo dragons
  2 anaconda simulacra (IceCv)
  30 yaktaurs
  4 ice devils (IceCv)
  A meliai (shapeshifter) (Vaults:1)
  A golden dragon simulacrum (IceCv)
  6 trolls
  A wolf spider simulacrum (IceCv)
  7 hornets
  13 tyrant leeches
  3 meliai (D:15)
  A shadow dragon simulacrum (Vaults:4)
  A polar bear (shapeshifter) (Vaults:1)
  6 bog bodies
  13 blink frogs
  6 hippogriffs
  A blink frog (shapeshifter) (D:15)
  4 dream sheep (Lair:6)
  18 slime creatures
  A fire giant simulacrum (Vaults:4)
  2 hippogriffs (shapeshifter)
  A stone giant simulacrum (Vaults:4)
  11 spriggans
  An ettin skeleton (Vaults:4)
  7 wraiths
  3 shadows
  3 yaks (shapeshifter)
  2 vampires (D:15)
  26 yaks
  3 wyverns
  A hog (shapeshifter) (D:14)
  A human (shapeshifter) (Vaults:2)
  A basilisk (shapeshifter) (Vaults:3)
  8 basilisks
  31 vampire mosquitoes
  2 death yak simulacra (IceCv)
  5 hungry ghosts
  5 steam dragons
  5 wargs
  5 harpy simulacra (IceCv)
  6 insubstantial wisps
  44 nagas
  An iron troll simulacrum (IceCv)
  12 swamp worms
  8 soldier ants
  5 hell hounds (Lair:6)
  12 water moccasins
  4 hydra simulacra (IceCv)
  10 porcupines
  A deep troll skeleton (Vaults:4)
  9 ice beasts
  12 swamp drakes
  34 orc warriors
  2 eyes of draining
  8 sky beasts
  A black bear (D:10)
  A necrophage (D:7)
  3 phantoms
  4 wolves
  8 boggarts
  An alligator simulacrum (IceCv)
  21 ogres
  11 crocodiles
  2 human skeletons
  14 centaurs
  A big kobold (D:8)
  16 bullfrogs
  A gnoll sergeant (D:6)
  A glowing shapeshifter simulacrum (Vaults:1)
  A water moccasin zombie (D:8)
  7 scorpions
  A wyvern skeleton (D:11)
  7 killer bees (D:8)
  2 orc simulacra
  2 human simulacra
  21 wights
  2 howler monkeys
  2 electric eels
  9 crimson imps
  5 centaur zombies
  5 lava snakes (Lair:6)
  10 jellies
  A quasit (D:12)
  2 draconian simulacra (IceCv)
  A bullfrog zombie (D:12)
  9 hounds
  3 centaur skeletons
  19 orc priests
  22 orc wizards
  32 worker ants
  A spriggan simulacrum (IceCv)
  2 troll simulacra (IceCv)
  A wolf simulacrum (IceCv)
  A centaur simulacrum (IceCv)
  A hound zombie (D:10)
  2 hound skeletons
  A howler monkey skeleton (D:11)
  26 adders
  9 gnolls
  A naga simulacrum (IceCv)
  3 ogre simulacra (IceCv)
  2 shadow imps (D:13)
  7 white imps (IceCv)
  9 ufetubi (IceCv)
  4 dart slugs
  3 leopard geckos
  76 orcs
  6 ball pythons
  4 giant cockroaches
  2 gnoll zombies (D:2)
  8 hobgoblins
  6 jackals
  5 quokkas
  6 bats
  8 frilled lizards
  14 goblins
  13 kobolds
  A leopard gecko zombie (D:7)
  7 rats
  3 fungi
  3 plants
1484 creatures vanquished.

Vanquished Creatures (others)
  the Lernaean hydra (Swamp:4)
  2 nagarajas (Snake:4)
  A tengu reaver (Vaults:2)
  A vault warden (Vaults:4)
  5 very ugly things (Vaults:4)
  An ironheart preserver (Vaults:4)
  A stone giant (Depths:1)
  An ettin (D:15)
  2 ogre magi
  A fire dragon (Depths:1)
  5 great orbs of eyes
  A yaktaur captain (Vaults:4)
  5 hydras
  A vault guard (Vaults:4)
  4 naga warriors (Snake:4)
  A death knight (Vaults:4)
  An alligator (Swamp:3)
  7 two-headed ogres
  A tengu warrior (Depths:1)
  3 deep troll earth magi (Depths:1)
  3 deep troll shamans (Depths:1)
  A deep elf knight (Vaults:2)
  3 naga sharpshooters (Snake:4)
  A shock serpent (Snake:1)
  A salamander mystic (Snake:4)
  An iron troll (Depths:1)
  6 swamp dragons (Swamp:4)
  4 deep trolls
  A deep elf archer (Vaults:4)
  3 naga ritualists (Snake:4)
  An orc knight (Vaults:4)
  2 deep elf magi
  4 ugly things
  A harpy (shapeshifter) (Vaults:4)
  2 shining eyes (Depths:1)
  3 salamanders (Snake:4)
  A manticore (D:7)
  2 vault sentinels (Vaults:4)
  A guardian serpent (shapeshifter) (Depths:1)
  9 naga magi (Snake:4)
  2 spiny frogs
  An eye of devastation (Depths:1)
  16 yaktaurs
  5 komodo dragons
  2 blink frogs
  2 bog bodies (Swamp:4)
  A shadow (D:14)
  A dire elephant simulacrum (IceCv)
  A wyvern (shapeshifter) (Depths:1)
  2 water elementals (Depths:1)
  3 golden eyes (Depths:1)
  A vampire mosquito (D:7)
  A swamp worm (Swamp:4)
  3 nagas
  A soldier ant (shapeshifter) (Vaults:4)
  A floating eye (Depths:1)
  3 orc warriors (Vaults:4)
  6 swamp drakes (Swamp:4)
  An eye of draining (Depths:1)
  An ettin simulacrum (IceCv)
  6 ogres
  2 white imps (IceCv)
  2 ufetubi (IceCv)
  2 orcs
  A briar patch (Swamp:2)
  A bush (Lair:2)
  19 demonic plants (Gauntlet)
  17 fungi
  15 plants
  31 starspawn tentacles
  5 toadstools (D:15)
  4 withered plants (Vaults:1)
254 creatures vanquished.

Grand Total: 1738 creatures vanquished

Notes
Turn   | Place    | Note
-------+----------+-------------------------------------------
     0 | Abyss:1  | LostNumber the Hill Orc Abyssal Knight began the quest for
                  | the Orb.
     0 | Abyss:1  | Reached XP level 1. HP: 19/19 MP: 2/2
    25 | D:1      | Escaped the Abyss
   112 | D:1      | Reached XP level 2. HP: 21/27 MP: 3/3
   906 | D:2      | Reached XP level 3. HP: 27/33 MP: 5/5
   911 | D:2      | Reached ** piety under Lugonu
   912 | D:2      | Reached skill level 3 in Invocations
  1124 | D:2      | Found a snail-covered altar of Cheibriados.
  1152 | D:2      | Found a basalt altar of Yredelemnul.
  1402 | D:2      | Reached XP level 4. HP: 34/40 MP: 6/6
  1748 | D:3      | Reached XP level 5. HP: 32/47 MP: 7/7
  2102 | D:3      | Reached *** piety under Lugonu
  2199 | D:3      | Reached skill level 5 in Axes
  2732 | D:4      | Noticed an ogre
  2734 | D:4      | Banished an ogre
  2734 | D:4      | Reached skill level 4 in Invocations
  2912 | D:4      | Found Gozag's Platinum Reserve.
  2912 | D:4      | Found an opulent altar of Gozag.
  2964 | D:4      | Found a staircase to the Ecumenical Temple.
  3005 | D:4      | Found a transporter.
  3005 | D:4      | Noticed tidbits's ghost (amateur GnSk)
  3006 | D:4      | Noticed an ogre
  3009 | D:4      | Found a transporter.
  3048 | D:4      | Found a glowing golden altar of the Shining One.
  3216 | D:4      | Got an ominously black robe
  3227 | D:4      | Identified the +0 robe of Afaleith {-Tele Str+4 Int+8} (You
                  | found it on level 4 of the Dungeon)
  3570 | D:5      | Entered Level 5 of the Dungeon
  3582 | D:5      | Reached XP level 6. HP: 48/55 MP: 9/9
  3808 | D:5      | Reached skill level 1 in Shields
  3820 | D:5      | Reached skill level 5 in Fighting
  3867 | D:5      | Noticed a sky beast
  3888 | D:5      | Killed a sky beast
  3888 | D:5      | Reached XP level 7. HP: 31/61 MP: 10/10
  4093 | D:5      | Noticed Ijyb
  4105 | D:5      | Banished Ijyb
  4327 | D:5      | Found a blossoming altar of Fedhas.
  4353 | D:5      | Found a stormy altar of Qazlal.
  4498 | D:5      | Reached skill level 5 in Invocations
  4586 | D:5      | Found a shattered altar of Ashenzari.
  5214 | D:6      | Reached XP level 8. HP: 19/70 MP: 12/12
  5656 | D:6      | Found a shadowy altar of Dithmenos.
  6047 | D:7      | Found a shimmering altar of Xom.
  6057 | D:7      | Found a shimmering altar of Xom.
  6058 | D:7      | Found a shimmering altar of Xom.
  6058 | D:7      | Found a shimmering altar of Xom.
  6059 | D:7      | Found a shimmering altar of Xom.
  6059 | D:7      | Found a shimmering altar of Xom.
  6196 | D:7      | Found a shimmering altar of Xom.
  6244 | D:7      | Reached skill level 5 in Armour
  6244 | D:7      | Reached skill level 6 in Invocations
  6695 | D:7      | Found a deep blue altar of Sif Muna.
  6737 | D:7      | Reached XP level 9. HP: 41/76 MP: 13/13
  7218 | D:7      | Noticed a troll
  7235 | D:7      | Killed a troll
  7550 | D:7      | Reached skill level 7 in Invocations
  7953 | D:7      | Noticed a manticore
  7961 | D:7      | Banished a manticore
  7961 | D:7      | Reached skill level 10 in Axes
  8233 | D:7      | Reached skill level 5 in Shields
  8268 | D:7      | Noticed a two-headed ogre
  8269 | D:7      | Found the +7 great mace "Undeadhunter" {disrupt, rN+}
  8271 | D:7      | Banished a two-headed ogre
  8729 | D:8      | Reached XP level 10. HP: 45/86 MP: 15/15
  9014 | D:8      | Reached skill level 8 in Invocations
  9508 | D:8      | Found Cietzu's Assorted Antiques.
  9548 | D:8      | Bought an ichor-stained chain mail for 237 gold pieces
  9563 | D:8      | Identified the +3 chain mail of Pagoifil {Str-2 Dex+4 SInv}
                  | (You bought it in a shop on level 8 of the Dungeon)
  9920 | D:8      | Found a staircase to the Lair.
 10719 | D:9      | Noticed a two-headed ogre
 10724 | D:9      | Reached **** piety under Lugonu
 10724 | D:9      | Banished a two-headed ogre
 10724 | D:9      | Reached skill level 9 in Invocations
 10938 | D:9      | Found Unliejer's Food Boutique.
 11003 | D:9      | Noticed a +0 hand axe
 11004 | D:9      | Noticed a +0 hand axe
 11007 | D:9      | Found a hide-covered altar of Uskayaw.
 11140 | D:9      | Found a bloodstained altar of Trog.
 11284 | D:9      | Found a hazy altar of Hepliaklqana.
 11402 | D:10     | Entered Level 10 of the Dungeon
 11450 | D:10     | Noticed Snorg
 11454 | D:10     | Banished Snorg
 11479 | D:10     | Reached XP level 11. HP: 63/97 MP: 12/18
 11692 | D:10     | Noticed a deep elf mage
 11711 | D:10     | Killed a deep elf mage
 11842 | D:10     | Reached skill level 10 in Invocations
 12151 | D:10     | Got an ancient demon blade
 12152 | D:10     | Identified the +5 demon blade of Fate {antimagic, *Noise
                  | rF+ rN+++ Stlth-} (You found it on level 10 of the Dungeon)
 12581 | D:10     | Found a staircase to the Orcish Mines.
 12581 | D:10     | Noticed an unseen horror
 12597 | D:10     | Killed an unseen horror
 12597 | D:10     | Reached skill level 1 in Long Blades
 12787 | Lair:1   | Entered Level 1 of the Lair of Beasts
 12805 | Lair:1   | Noticed Gastronok
 13100 | D:8      | Reached skill level 10 in Fighting
 13490 | Lair:1   | Killed Gastronok
 14125 | Lair:1   | Reached XP level 12. HP: 93/106 MP: 6/19
 14139 | Lair:1   | Noticed a seven-headed hydra
 14146 | Lair:1   | Banished a seven-headed hydra
 14661 | Lair:1   | Noticed a five-headed hydra
 14663 | Lair:1   | Banished a five-headed hydra
 15993 | Lair:1   | Reached skill level 11 in Invocations
 17087 | Lair:2   | Reached skill level 15 in Axes
 17235 | Lair:2   | Found a staircase to the Swamp.
 17454 | Lair:3   | Reached skill level 5 in Long Blades
 17494 | Lair:3   | Found a staircase to the Snake Pit.
 18466 | Lair:4   | Noticed a five-headed hydra
 18484 | Lair:4   | Banished a five-headed hydra
 18484 | Lair:4   | Reached XP level 13. HP: 38/116 MP: 7/21
 19020 | Lair:4   | Reached skill level 10 in Armour
 19533 | Lair:4   | Got a transparent war axe
 19534 | Lair:4   | Identified the +8 war axe of Wisdom {flame, rN+ MR+} (You
                  | found it on level 4 of the Lair of Beasts)
 19756 | Lair:4   | Reached skill level 12 in Invocations
 20086 | Lair:5   | Noticed an entropy weaver
 20098 | Lair:5   | Found a gate leading to a gauntlet.
 20098 | Lair:5   | Noticed Rupert
 20105 | Gauntlet | Entered a Gauntlet
 20105 | Gauntlet | Found a transporter.
 20105 | Gauntlet | Found a transporter.
 20259 | Gauntlet | Found a transporter.
 20259 | Gauntlet | Found a transporter.
 20266 | Gauntlet | Found a transporter.
 20288 | Gauntlet | Found a transporter.
 20336 | Gauntlet | Found a transporter.
 20359 | Gauntlet | Found a transporter.
 20372 | Gauntlet | Found a large runed translucent door.
 20372 | Gauntlet | Found a large runed translucent door.
 20372 | Gauntlet | Found a large runed translucent door.
 20372 | Gauntlet | Found a large runed translucent door.
 20385 | Gauntlet | Got an ancient hat
 20443 | Gauntlet | Identified the +2 hat "Bosheva" {+Inv rC+ Dex+4 Stlth+}
                  | (You found it in a Gauntlet)
 20542 | Gauntlet | Found a large runed translucent door.
 20542 | Gauntlet | Found a large runed translucent door.
 20542 | Gauntlet | Found a large runed translucent door.
 20542 | Gauntlet | Found a large runed translucent door.
 20542 | Gauntlet | Found a runed translucent door.
 20542 | Gauntlet | Found a runed translucent gate.
 20543 | Gauntlet | Noticed a dire elephant
 20547 | Gauntlet | Found a transporter.
 20549 | Gauntlet | Noticed a reaper
 20550 | Gauntlet | Found a transporter.
 20551 | Gauntlet | Found a runed translucent door.
 20552 | Gauntlet | Found a large runed translucent door.
 20552 | Gauntlet | Found a large runed translucent door.
 20552 | Gauntlet | Found a large runed translucent door.
 20552 | Gauntlet | Found a large runed translucent door.
 20553 | Gauntlet | Found a large runed translucent door.
 20553 | Gauntlet | Found a large runed translucent door.
 20554 | Gauntlet | Found a large runed translucent door.
 20554 | Gauntlet | Found a large runed translucent door.
 20558 | Gauntlet | Found a runed translucent gate.
 20558 | Gauntlet | Found a runed translucent gate.
 20559 | Gauntlet | Found a transporter.
 20574 | Gauntlet | Killed a dire elephant
 20593 | Gauntlet | Found a transporter.
 20601 | Gauntlet | Got a crude cloak
 20612 | Gauntlet | Identified the +0 cloak of the Gloaming {rCorr} (You found
                  | it in a Gauntlet)
 20618 | Gauntlet | Noticed a minotaur
 20632 | Gauntlet | Killed a minotaur
 20793 | Gauntlet | Identified the Disquisition on Sinister Conjuration
 20793 | Gauntlet | Identified the Reference Book on Twisted Creation
 20793 | Gauntlet | Identified the Volume of Icy Black Magic
 20961 | Lair:5   | Found a viscous altar of Jiyva.
 20965 | Lair:5   | Identified a scroll of acquirement
 20966 | Lair:5   | Got a pair of smoking gloves
 20974 | Lair:4   | Identified the +0 pair of gloves "Ymueleda" {Int+4} (You
                  | acquired it on level 5 of the Lair of Beasts)
 21029 | Lair:5   | Banished Rupert
 21557 | Lair:5   | Reached XP level 14. HP: 74/126 MP: 23/23
 22197 | Lair:5   | Noticed an entropy weaver
 22213 | Lair:5   | Killed an entropy weaver
 22213 | Lair:5   | Reached skill level 13 in Invocations
 22362 | Lair:5   | Banished an entropy weaver
 22616 | Lair:5   | Found a staircase to the Slime Pits.
 22906 | Lair:6   | Entered Level 6 of the Lair of Beasts
 24539 | Lair:6   | Found a large runed translucent door.
 24540 | Lair:6   | Found a large runed translucent door.
 25645 | D:11     | Reached skill level 10 in Shields
 25702 | D:11     | Reached ***** piety under Lugonu
 25754 | D:11     | Found a flagged portal.
 25764 | Bailey   | Entered a bailey
 25965 | Bailey   | Found an iron altar of Okawaru.
 26020 | Bailey   | Identified the Compendium of Displaced Stolen Souls
 26141 | D:11     | Reached XP level 15. HP: 111/135 MP: 25/25
 26255 | D:11     | Found Jinicugg's Antique Armour Shop.
 26356 | D:11     | Got an ancient quarterstaff
 26591 | D:11     | Found a runed translucent door.
 26591 | D:11     | Noticed martbhell's ghost (journeyman MiBe)
 26848 | D:11     | Found Vuluter's Jewellery Shop.
 26851 | D:11     | Bought the amulet of Vitality {Regen+ HP+15} for 948 gold
                  | pieces
 26851 | D:11     | Found the amulet of Vitality {Regen+ HP+15}
 27279 | D:12     | Reached skill level 14 in Invocations
 27704 | D:12     | Found a runed translucent gate.
 27704 | D:12     | Found a runed translucent gate.
 27704 | D:12     | Found a runed translucent gate.
 27708 | D:12     | Noticed Morbidden's ghost (journeyman DsFi)
 29058 | D:14     | Reached ****** piety under Lugonu
 29074 | D:14     | Found a gate to the Vaults.
 29253 | D:14     | Got a spiked leather armour
 29831 | D:15     | Entered Level 15 of the Dungeon
 29869 | D:15     | Reached skill level 15 in Invocations
 30098 | D:15     | Reached XP level 16. HP: 134/147 MP: 27/27
 30339 | D:15     | Found a staircase to the Depths.
 30877 | Orc:1    | Entered Level 1 of the Orcish Mines
 30938 | Orc:1    | Found a roughly hewn altar of Beogh.
 31380 | Orc:2    | Entered Level 2 of the Orcish Mines
 31457 | Orc:2    | Found a staircase to the Elven Halls.
 31711 | Orc:2    | Found Ecyc's Magic Scroll Emporium.
 31941 | Orc:1    | Reached skill level 15 in Fighting
 32065 | Orc:2    | Found Luiklenk's Weapon Emporium.
 32066 | Orc:2    | Found Wour's General Store.
 32078 | Orc:2    | Found Luesokh's Distillery.
 32082 | Orc:2    | Bought a scroll of blinking for 120 gold pieces
 32082 | Orc:2    | Bought a scroll of acquirement for 832 gold pieces
 32084 | Orc:2    | Got a jewelled executioner's axe
 32087 | Orc:2    | Bought a potion of berserk rage for 75 gold pieces
 32087 | Orc:2    | Bought a potion of haste for 150 gold pieces
 32087 | Orc:2    | Bought a potion of cancellation for 120 gold pieces
 32087 | Orc:2    | Bought 2 potions of agility for 120 gold pieces
 32087 | Orc:2    | Bought a potion of heal wounds for 75 gold pieces
 32418 | Swamp:1  | Entered Level 1 of the Swamp
 32510 | Swamp:1  | Reached skill level 16 in Invocations
 32524 | Swamp:1  | HP: 8/164 [poisoned by a spriggan rider]
 32529 | Swamp:1  | HP: 5/164 [poisoned by a spriggan rider]
 32534 | Swamp:1  | HP: 3/164 [poisoned by a spriggan rider]
 32540 | Swamp:1  | HP: 3/164 [poisoned by a spriggan rider]
 32546 | Swamp:1  | HP: 5/164 [poisoned by a spriggan rider]
 32551 | Swamp:1  | HP: 7/164 [poisoned by a spriggan rider]
 32979 | Swamp:1  | Noticed a thorn hunter
 32987 | Swamp:1  | Banished a thorn hunter
 32990 | Swamp:1  | HP: 7/164 [swamp worm/harpoon shot[a spriggan druid] (4)]
 32990 | Swamp:1  | HP: 2/164 [some deep water collision[a spriggan druid] (5)]
 34046 | Swamp:2  | Noticed a thorn hunter
 34068 | Swamp:2  | Killed a thorn hunter
 34682 | D:11     | Bought an uncursed ring of poison resistance for 240 gold
                  | pieces
 34719 | D:11     | Killed martbhell's ghost
 34719 | D:11     | Reached XP level 17. HP: 156/156 MP: 29/29
 36061 | Swamp:3  | Reached skill level 17 in Invocations
 36457 | Swamp:4  | Entered Level 4 of the Swamp
 36502 | Swamp:4  | Found a frozen archway.
 36578 | IceCv    | Entered an ice cave
 36866 | IceCv    | HP: 6/173 [ettin simulacrum (6)]
 38251 | Swamp:4  | Got a spiked chain mail
 38391 | Swamp:4  | Reached skill level 15 in Armour
 38532 | Swamp:4  | Noticed the 27-headed Lernaean hydra
 38551 | Swamp:4  | Corrupted Swamp:4
 38551 | Swamp:4  | Noticed a tentacled starspawn
 38554 | Swamp:4  | Noticed an Executioner
 38557 | Swamp:4  | Killed the 27-headed Lernaean hydra
 38743 | Swamp:4  | Got a decaying rune of Zot
 39287 | Snake:1  | Entered Level 1 of the Snake Pit
 39725 | Snake:1  | Identified the +4 chain mail of the Wilderness {rElec rC+
                  | rN+ Str-5} (You found it on level 4 of the Swamp)
 40253 | Snake:1  | Reached XP level 18. HP: 164/168 MP: 30/30
 40798 | Snake:2  | Reached skill level 18 in Invocations
 41047 | Snake:2  | Reached skill level 15 in Shields
 41991 | Snake:3  | Found Seec Zoi's Distillery.
 42329 | Snake:3  | Found a shattered altar of Ashenzari.
 42611 | Snake:4  | Entered Level 4 of the Snake Pit
 42714 | Snake:4  | Noticed Asterion
 42789 | Snake:4  | Killed Asterion
 42789 | Snake:4  | Reached skill level 19 in Invocations
 43863 | Snake:4  | Corrupted Snake:4
 43864 | Snake:4  | Noticed a bone dragon
 44136 | Snake:4  | Got a serpentine rune of Zot
 44540 | Vaults:1 | Entered Level 1 of the Vaults
 44628 | Vaults:1 | Reached XP level 19. HP: 173/180 MP: 32/32
 44660 | Vaults:1 | Found a runed translucent gate.
 44660 | Vaults:1 | Found a runed translucent gate.
 44660 | Vaults:1 | Found a runed translucent gate.
 44750 | Vaults:1 | Reached skill level 1 in Dodging
 45544 | Vaults:1 | Reached skill level 20 in Invocations
 46120 | Vaults:1 | Found Meeneset's Jewellery Shoppe.
 46263 | Vaults:1 | Bought an uncursed ring of protection from magic for 350
                  | gold pieces
 46573 | Vaults:1 | Noticed Cucueget's ghost (adept MiFi)
 46573 | Vaults:1 | Noticed christhawk's ghost (adept MiHu)
 46573 | Vaults:1 | Noticed Kare Xaoge's ghost (adept DgTm)
 46743 | Vaults:2 | Reached skill level 5 in Dodging
 47399 | Vaults:2 | Reached XP level 20. HP: 193/193 MP: 34/34
 47749 | Vaults:3 | Reached skill level 21 in Invocations
 49336 | Vaults:3 | Found a staircase to the Crypt.
 49336 | Vaults:3 | Found an ancient bone altar of Kikubaaqudgha.
 49337 | Vaults:3 | Found a basalt altar of Yredelemnul.
 49815 | Vaults:4 | Noticed Frederick
 49833 | Vaults:4 | Killed Frederick
 49855 | Vaults:4 | Found a magical portal.
 49926 | WizLab   | Entered Doroklohe's Tomb
 50144 | Vaults:4 | Corrupted Vaults:4
 50628 | Vaults:4 | Reached skill level 22 in Invocations
 50833 | Vaults:4 | Reached XP level 21. HP: 98/203 MP: 36/36
 52180 | Depths:1 | Entered Level 1 of the Depths
 52212 | Depths:1 | Reached skill level 23 in Invocations
 52452 | Depths:1 | Corrupted Depths:1
 52452 | Depths:1 | Noticed a bone dragon
 52895 | Depths:1 | Found a gateway to Hell.
 52917 | Depths:1 | Found Echome Temip's Gadget Boutique.
 52925 | Depths:1 | Found Geshraeva's Jewellery Emporium.
 52926 | Depths:1 | Found Zopunwu's Gadget Boutique.
 53898 | Depths:2 | Noticed a juggernaut
 53954 | Depths:2 | HP: 8/224 [something (26)]
 53954 | Depths:2 | HP: 1/224 [something (7)]
 53958 | Depths:2 | Slain by a deep troll

Skill      XL: |  1  2  3  4  5  6  7  8  9 10 11 12 13 14 15 16 17 18 19 20 21 |
---------------+----------------------------------------------------------------+-----
Axes           | 3 4 5 6 7 9 10 12 14 15 16 18 | 18.0
Fighting       | 4 5 6 7 9 10 11 12 13 14 15 16 18 19 20 22 | 22.3
Invocations    | 3 4 5 6 7 9 10 11 12 13 15 16 17 19 20 22 23 | 23.7
Armour         | 3 4 5 6 7 9 10 11 13 14 15 | 15.3
Shields        | 1 2 4 5 6 7 8 10 11 13 14 15 | 15.0
Long Blades    | 2 5 6 |  6.4
Dodging        | 5 8 |  8.2

Action                   |  1- 3 |  4- 6 |  7- 9 | 10-12 | 13-15 | 16-18 | 19-21 || total
-------------------------+-------+-------+-------+-------+-------+-------+-------++-------
Melee: Hand axe          |   126 |   190 |   366 |       |       |       |       ||   682
       Great mace        |       |       |     8 |   259 |       |       |       ||   267
       Demon blade       |       |       |       |   451 |    60 |       |       ||   511
       War axe           |       |       |       |       |  1087 |  1500 |   357 ||  2944
       Broad axe         |       |       |       |       |       |   267 |  1027 ||  1294
Invok: Banish            |       |     1 |     6 |    13 |    14 |     6 |     5 ||    45
       Bend Space        |       |       |       |     1 |     1 |       |       ||     2
       Corrupt           |       |       |       |       |       |     2 |     2 ||     4
Evoke: Wand              |       |       |       |       |       |     1 |     2 ||     3
       Phantom mirror    |       |       |       |       |       |     1 |       ||     1
  Use: Potion            |       |       |     1 |     6 |     6 |     5 |     5 ||    23
       Scroll            |       |       |     5 |     9 |    15 |    16 |     6 ||    51
 Stab: Distracted        |       |       |       |       |       |     1 |     1 ||     2
       Confused          |       |       |       |       |       |     1 |       ||     1
  Eat: Chunk             |     2 |     5 |    11 |    23 |    32 |    24 |    21 ||   118
       Ration            |       |     1 |     2 |     4 |     4 |     9 |     3 ||    23
Armor: Leather armour    |    12 |       |       |       |       |       |       ||    12
       Ring mail         |    31 |    78 |     2 |       |       |       |       ||   111
       Chain mail        |       |       |   159 |   464 |   641 |   862 |    39 ||  2165
       Fire dragon scale |       |       |       |       |       |       |   246 ||   246
       Plate armour      |       |       |       |       |       |       |   203 ||   203
Dodge: Dodged            |    73 |   113 |   126 |   285 |   313 |   379 |   414 ||  1703
Block: Buckler           |       |       |    48 |   136 |   351 |    72 |       ||   607
       Shield            |       |       |       |       |       |   874 |   817 ||  1691
       Rpst.: Demon blade |       |       |       |    51 |    10 |       |       ||    61
